3076 views
Uploaded 2019-12-17 17:16:29
Game version 1.32.0.4
28:10 long 4on4 ladder game on (8)NerubianPassage
Saved by BEARAND
3076 views
Uploaded 2019-12-17 17:16:29
Game version 1.32.0.4
28:10 long 4on4 ladder game on (8)NerubianPassage


149 units @ 21.5k
/ 2.4k
89 buildings @ 11.6k
/ 5.1k


| Lesser Clarity Potion | 2 | 140 |
| Scroll of Regeneration | 1 | 100 |
| Ivory Tower | 3 | 120 |
| Scroll of Healing | 1 | 250 |
| Scroll of Protection | 1 | 150 |
| Mana Stone | 1 | 450 |
| total: | 9 | 1210g |
| Peasant | 11 | 825 | / | 0 |
| Footman | 13 | 1755 | / | 0 |
| Rifleman | 7 | 1435 | / | 210 |
| Priest | 3 | 405 | / | 30 |
| Spell Breaker | 1 | 215 | / | 30 |
| Knight | 2 | 490 | / | 120 |
| Sorceress | 1 | 155 | / | 20 |
| Polar Furbolg Shaman | 1 | 275 | / | 30 |
| total: | 39 | 5555g | / | 440w |
| Scout Tower | 3 | 90 | / | 60 |
| Guard Tower | 3 | 210 | / | 150 |
| Barracks | 2 | 320 | / | 120 |
| Altar of Kings | 1 | 180 | / | 50 |
| Farm | 11 | 880 | / | 220 |
| Lumber Mill | 2 | 240 | / | 0 |
| Blacksmith | 1 | 140 | / | 60 |
| Arcane Vault | 2 | 260 | / | 60 |
| Town Hall | 2 | 770 | / | 410 |
| Arcane Sanctum | 1 | 150 | / | 140 |
| Keep | 1 | 320 | / | 210 |
| Castle | 2 | 720 | / | 420 |
| total: | 25 | 3030g | / | 1120w |
| 0:06 | Peasant |
| 0:11 | Barracks |
| 0:14 | Altar of Kings |
| 0:23 | Peasant |
| 0:25 | Peasant |
| 0:54 | Farm |
| 0:57 | Farm |
| 1:00 | Peasant |
| 1:22 | Lumber Mill |
| 1:24 | Footman |
| 1:35 | Peasant |
| 1:39 | Footman |
| 1:52 | Farm |
| 2:01 | Footman |
| 2:14 | Footman |
| 2:30 | Storm Bolt |
| 2:33 | Footman |
| 2:37 | Peasant |
| 3:13 | Keep |
| 3:38 | Blacksmith |
| 3:44 | Farm |
| 4:05 | Footman |
| 4:11 | Improved Masonry |
| 4:21 | Farm |
| 4:29 | Scout Tower |
| 4:31 | Scout Tower |
| 4:50 | Thunder Clap |
| 5:10 | Rifleman |
| 5:11 | Rifleman |
| 5:15 | Iron Forged Swords |
| 5:18 | Guard Tower |
| 5:22 | Scout Tower |
| 5:24 | Farm |
| 5:34 | Peasant |
| 5:55 | Arcane Sanctum |
| 5:57 | Improved Lumber Harvesting |
| 6:18 | Rifleman |
| 6:28 | Storm Bolt |
| 6:49 | Black Gunpowder |
| 6:53 | Guard Tower |
| 6:55 | Guard Tower |
| 7:08 | Priest |
| 7:43 | Polar Furbolg Shaman |
| 8:01 | Iron Plating |
| 8:08 | Footman |
| 8:28 | Priest Adept Training |
| 8:35 | Arcane Vault |
| 9:12 | Sorceress Adept Training |
| 9:16 | Studded Leather Armor |
| 9:20 | Castle |
| 9:47 | Footman |
| 10:30 | Rifleman |
| 10:31 | Footman |
| 10:35 | Lesser Clarity Potion |
| 10:36 | Scroll of Regeneration |
| 10:43 | Holy Light |
| 11:42 | Rifleman |
| 11:42 | Footman |
| 11:47 | Thunder Clap |
| 12:00 | Lesser Clarity Potion |
| 12:18 | Barracks |
| 12:21 | Reinforced Leather Armor |
| 12:24 | Castle |
| 12:38 | Ivory Tower |
| 12:38 | Ivory Tower |
| 12:38 | Ivory Tower |
| 13:09 | Scroll of Protection |
| 13:16 | Scroll of Healing |
| 13:23 | Footman |
| 15:23 | Devotion Aura |
| 15:35 | Mana Stone |
| 15:51 | Rifleman |
| 15:52 | Rifleman |
| 15:53 | Animal War Training |
| 16:36 | Priest Master Training |
| 16:37 | Control Magic |
| 16:38 | Spell Breaker |
| 16:38 | Priest |
| 16:47 | Footman |
| 16:47 | Footman |
| 18:54 | Lumber Mill |
| 19:15 | Holy Light |
| 19:31 | Town Hall |
| 19:59 | Priest |
| 20:01 | Steel Forged Swords |
| 20:05 | Sundering Blades |
| 20:05 | Knight |
| 20:09 | Farm |
| 20:11 | Farm |
| 20:56 | Town Hall |
| 21:04 | Storm Bolt |
| 21:28 | Knight |
| 21:36 | Advanced Lumber Harvesting |
| 21:42 | Mithril Forged Swords |
| 22:45 | Farm |
| 22:47 | Farm |
| 22:49 | Farm |
| 22:58 | Sorceress Master Training |
| 22:59 | Sorceress |
| 23:09 | Arcane Vault |
| 26:27 | Devotion Aura |
| 27:16 | Avatar |
| 27:58 | Advanced Masonry |
| 28:07 | Peasant |
| 28:07 | Peasant |
| 28:08 | Peasant |
| 28:09 | Peasant |
| Right click | 474 |
| Select | 363 |
| Select group | 267 |
| Build/train/purchase | 107 |
| Assign group | 50 |
| Use ability | 50 |
| Misc. action | 41 |
| Minimap ping | 6 |
| Remove unit | 3 |
| Item give/drop | 1 |


| Scroll of Town Portal | 4 | 1400 |
| Scroll of Healing | 2 | 500 |
| Potion of Lesser Invulnerability | 1 | 150 |
| total: | 7 | 2050g |
| Wisp | 19 | 1140 | / | 0 |
| Archer | 12 | 1560 | / | 120 |
| Chimaera | 7 | 2310 | / | 490 |
| total: | 38 | 5010g | / | 610w |
| Ancient of War | 1 | 150 | / | 60 |
| Moon Well | 7 | 1260 | / | 280 |
| Altar of Elders | 1 | 180 | / | 50 |
| Hunter's Hall | 1 | 210 | / | 100 |
| Tree of Life | 1 | 340 | / | 185 |
| Ancient of Wonders | 1 | 90 | / | 30 |
| Chimaera Roost | 3 | 420 | / | 570 |
| Tree of Ages | 1 | 320 | / | 180 |
| Tree of Eternity | 1 | 330 | / | 200 |
| total: | 15 | 2650g | / | 1275w |
| 0:05 | Wisp |
| 0:05 | Wisp |
| 0:21 | Ancient of War |
| 0:31 | Wisp |
| 0:35 | Moon Well |
| 0:45 | Wisp |
| 1:03 | Wisp |
| 1:05 | Altar of Elders |
| 1:09 | Wisp |
| 1:19 | Moon Well |
| 1:27 | Wisp |
| 1:30 | Archer |
| 1:35 | Wisp |
| 1:48 | Archer |
| 2:01 | Wisp |
| 2:14 | Archer |
| 2:20 | Wisp |
| 2:30 | Archer |
| 2:35 | Wisp |
| 2:45 | Moon Well |
| 3:02 | Archer |
| 3:04 | Wisp |
| 3:13 | Mana Burn |
| 3:42 | Archer |
| 3:46 | Tree of Ages |
| 3:59 | Archer |
| 4:35 | Evasion |
| 4:48 | Archer |
| 4:51 | Moon Well |
| 5:09 | Archer |
| 5:13 | Hunter's Hall |
| 6:04 | Mana Burn |
| 6:06 | Archer |
| 6:06 | Archer |
| 6:12 | Wisp |
| 7:13 | Trueshot Aura |
| 7:43 | Tree of Eternity |
| 8:48 | Tree of Life |
| 8:59 | Ultravision |
| 8:59 | Strength of the Wild |
| 9:32 | Evasion |
| 9:57 | Searing Arrows |
| 10:12 | Chimaera Roost |
| 10:15 | Chimaera Roost |
| 10:18 | Chimaera Roost |
| 12:01 | Scroll of Town Portal |
| 12:06 | Chimaera |
| 12:08 | Moon Well |
| 12:12 | Wisp |
| 12:12 | Wisp |
| 12:12 | Wisp |
| 12:12 | Wisp |
| 12:12 | Wisp |
| 12:12 | Wisp |
| 12:19 | Well Spring |
| 12:19 | Improved Strength of the Wild |
| 12:23 | Moon Well |
| 12:53 | Corrosive Breath |
| 12:55 | Chimaera |
| 14:11 | Chimaera |
| 14:13 | Chimaera |
| 14:15 | Chimaera |
| 15:21 | Trueshot Aura |
| 15:32 | Moon Well |
| 15:36 | Reinforced Hides |
| 15:36 | Advanced Strength of the Wild |
| 17:20 | Chimaera |
| 18:25 | Chimaera |
| 18:35 | Ancient of Wonders |
| 18:44 | Evasion |
| 19:02 | Scroll of Town Portal |
| 19:29 | Improved Reinforced Hides |
| 20:23 | Searing Arrows |
| 21:46 | Scroll of Town Portal |
| 22:01 | Metamorphosis |
| 22:19 | Mana Burn |
| 23:09 | Scroll of Town Portal |
| 23:11 | Potion of Lesser Invulnerability |
| 25:38 | Trueshot Aura |
| 26:09 | Scroll of Healing |
| 26:11 | Scroll of Healing |
| 27:02 | Immolation |
| 27:34 | Archer |
| Select group | 425 |
| Right click | 414 |
| Select | 227 |
| Misc. action | 174 |
| Build/train/purchase | 78 |
| Chat | 28 |
| Assign group | 19 |
| Use ability | 12 |
| Minimap ping | 9 |
| Item give/drop | 2 |
| Remove unit | 2 |


| Scroll of Town Portal | 2 | 700 |
| total: | 2 | 700g |
| Peasant | 8 | 600 | / | 0 |
| Footman | 5 | 675 | / | 0 |
| Rifleman | 9 | 1845 | / | 270 |
| Knight | 3 | 735 | / | 180 |
| Siege Engine | 2 | 390 | / | 120 |
| Goblin Shredder | 1 | 375 | / | 100 |
| total: | 28 | 4620g | / | 670w |
| Altar of Kings | 1 | 180 | / | 50 |
| Barracks | 2 | 320 | / | 120 |
| Farm | 11 | 880 | / | 220 |
| Lumber Mill | 1 | 120 | / | 0 |
| Arcane Vault | 1 | 130 | / | 30 |
| Blacksmith | 1 | 140 | / | 60 |
| Arcane Sanctum | 1 | 150 | / | 140 |
| Workshop | 2 | 280 | / | 280 |
| Gryphon Aviary | 1 | 140 | / | 150 |
| Keep | 1 | 320 | / | 210 |
| Castle | 1 | 360 | / | 210 |
| total: | 21 | 2340g | / | 1050w |
| 1:04 | Altar of Kings |
| 1:09 | Barracks |
| 1:14 | Farm |
| 2:02 | Farm |
| 2:20 | Lumber Mill |
| 2:51 | Peasant |
| 4:56 | Footman |
| 4:57 | Footman |
| 4:58 | Footman |
| 5:06 | Peasant |
| 5:24 | Bash |
| 5:38 | Arcane Vault |
| 6:05 | Peasant |
| 6:21 | Blacksmith |
| 6:53 | Farm |
| 7:04 | Footman |
| 7:05 | Footman |
| 7:38 | Rifleman |
| 7:39 | Rifleman |
| 7:52 | Farm |
| 7:56 | Black Gunpowder |
| 7:56 | Iron Forged Swords |
| 8:50 | Rifleman |
| 8:51 | Rifleman |
| 8:51 | Rifleman |
| 10:14 | Farm |
| 11:13 | Keep |
| 11:17 | Iron Plating |
| 11:18 | Studded Leather Armor |
| 11:42 | Thunder Clap |
| 13:47 | Bash |
| 14:56 | Healing Spray |
| 15:26 | Farm |
| 15:29 | Farm |
| 15:32 | Farm |
| 15:39 | Farm |
| 15:42 | Farm |
| 15:46 | Castle |
| 15:50 | Improved Lumber Harvesting |
| 15:52 | Refined Gunpowder |
| 15:53 | Steel Forged Swords |
| 16:53 | Rifleman |
| 16:54 | Rifleman |
| 16:55 | Rifleman |
| 16:55 | Rifleman |
| 18:10 | Acid Bomb |
| 18:53 | Knight |
| 18:56 | Knight |
| 18:56 | Knight |
| 19:09 | Peasant |
| 19:28 | Barracks |
| 20:58 | Imbued Gunpowder |
| 21:03 | Peasant |
| 21:04 | Peasant |
| 21:04 | Peasant |
| 21:04 | Peasant |
| 21:56 | Goblin Shredder |
| 22:07 | Scroll of Town Portal |
| 22:08 | Scroll of Town Portal |
| 22:55 | Advanced Lumber Harvesting |
| 23:04 | Farm |
| 24:03 | Sundering Blades |
| 24:04 | Animal War Training |
| 24:05 | Long Rifles |
| 24:14 | Steel Plating |
| 24:15 | Mithril Forged Swords |
| 24:34 | Arcane Sanctum |
| 24:57 | Workshop |
| 25:09 | Workshop |
| 27:25 | Gryphon Aviary |
| 27:50 | Siege Engine |
| 27:51 | Siege Engine |
| 27:56 | Mithril Plating |
| 27:56 | Reinforced Leather Armor |
| Right click | 236 |
| Select | 171 |
| Build/train/purchase | 62 |
| Use ability | 4 |
| Remove unit | 2 |



| Scroll of Regeneration | 4 | 400 |
| Orb of Fire | 2 | 650 |
| Staff of Sanctuary | 2 | 500 |
| Scroll of Town Portal | 2 | 700 |
| Periapt of Vitality | 1 | 325 |
| Boots of Speed | 1 | 250 |
| Talisman of Evasion | 1 | 300 |
| total: | 13 | 3125g |
| Peasant | 14 | 1050 | / | 0 |
| Footman | 14 | 1890 | / | 0 |
| Spell Breaker | 7 | 1505 | / | 210 |
| Knight | 2 | 490 | / | 120 |
| Priest | 3 | 405 | / | 30 |
| Mortar Team | 2 | 360 | / | 140 |
| Siege Engine | 1 | 195 | / | 60 |
| Goblin Shredder | 1 | 375 | / | 100 |
| total: | 44 | 6270g | / | 660w |
| Scout Tower | 1 | 30 | / | 20 |
| Arcane Tower | 1 | 70 | / | 50 |
| Altar of Kings | 1 | 180 | / | 50 |
| Farm | 14 | 1120 | / | 280 |
| Barracks | 2 | 320 | / | 120 |
| Blacksmith | 1 | 140 | / | 60 |
| Town Hall | 2 | 770 | / | 410 |
| Lumber Mill | 1 | 120 | / | 0 |
| Arcane Vault | 1 | 130 | / | 30 |
| Arcane Sanctum | 2 | 300 | / | 280 |
| Workshop | 3 | 420 | / | 420 |
| Keep | 1 | 320 | / | 210 |
| Castle | 1 | 360 | / | 210 |
| total: | 28 | 3530g | / | 1670w |
| 0:05 | Peasant |
| 0:06 | Peasant |
| 0:08 | Altar of Kings |
| 0:23 | Farm |
| 0:24 | Peasant |
| 0:25 | Peasant |
| 0:40 | Peasant |
| 0:50 | Barracks |
| 0:54 | Farm |
| 1:02 | Peasant |
| 1:34 | Peasant |
| 1:34 | Peasant |
| 1:39 | Farm |
| 1:46 | Peasant |
| 1:51 | Peasant |
| 2:24 | Footman |
| 2:24 | Footman |
| 2:28 | Farm |
| 2:30 | Scout Tower |
| 2:46 | Summon Water Elemental |
| 2:50 | Footman |
| 2:52 | Peasant |
| 2:52 | Peasant |
| 3:14 | Footman |
| 3:16 | Peasant |
| 3:47 | Keep |
| 4:08 | Blacksmith |
| 4:45 | Footman |
| 4:45 | Footman |
| 4:58 | Town Hall |
| 5:13 | Footman |
| 5:16 | Lumber Mill |
| 5:23 | Brilliance Aura |
| 5:33 | Footman |
| 5:37 | Iron Forged Swords |
| 5:49 | Summon Water Elemental |
| 5:58 | Footman |
| 6:17 | Peasant |
| 7:05 | Footman |
| 7:05 | Footman |
| 7:11 | Barracks |
| 7:47 | Defend |
| 7:51 | Improved Lumber Harvesting |
| 7:51 | Improved Masonry |
| 7:56 | Arcane Sanctum |
| 7:59 | Arcane Tower |
| 8:02 | Arcane Sanctum |
| 8:26 | Holy Light |
| 8:35 | Brilliance Aura |
| 8:42 | Footman |
| 8:42 | Footman |
| 8:42 | Footman |
| 8:48 | Iron Plating |
| 8:48 | Steel Forged Swords |
| 8:52 | Farm |
| 8:53 | Farm |
| 9:23 | Castle |
| 9:34 | Goblin Shredder |
| 9:48 | Magic Sentry |
| 9:49 | Priest Adept Training |
| 10:16 | Sorceress Adept Training |
| 10:20 | Advanced Masonry |
| 10:38 | Steel Plating |
| 10:44 | Arcane Vault |
| 11:18 | Scroll of Town Portal |
| 11:41 | Scroll of Regeneration |
| 11:52 | Sundering Blades |
| 11:53 | Animal War Training |
| 12:04 | Control Magic |
| 12:05 | Priest Master Training |
| 12:06 | Sorceress Master Training |
| 12:09 | Scroll of Regeneration |
| 12:12 | Devotion Aura |
| 12:23 | Mithril Plating |
| 12:23 | Mithril Forged Swords |
| 12:44 | Periapt of Vitality |
| 12:49 | Boots of Speed |
| 12:55 | Spell Breaker |
| 13:56 | Orb of Fire |
| 13:56 | Staff of Sanctuary |
| 14:06 | Farm |
| 14:07 | Farm |
| 14:15 | Spell Breaker |
| 14:17 | Knight |
| 14:47 | Spell Breaker |
| 14:51 | Farm |
| 14:52 | Farm |
| 15:02 | Storm Bolt |
| 15:18 | Talisman of Evasion |
| 15:44 | Holy Light |
| 15:58 | Bash |
| 16:24 | Black Gunpowder |
| 16:27 | Advanced Lumber Harvesting |
| 16:27 | Imbued Masonry |
| 17:49 | Brilliance Aura |
| 18:00 | Spell Breaker |
| 18:00 | Spell Breaker |
| 18:29 | Spell Breaker |
| 18:31 | Refined Gunpowder |
| 19:09 | Spell Breaker |
| 19:13 | Knight |
| 19:18 | Workshop |
| 19:19 | Workshop |
| 19:22 | Workshop |
| 19:38 | Orb of Fire |
| 19:40 | Scroll of Town Portal |
| 19:42 | Scroll of Regeneration |
| 19:43 | Scroll of Regeneration |
| 19:50 | Staff of Sanctuary |
| 20:31 | Storm Bolt |
| 21:21 | Imbued Gunpowder |
| 21:44 | Priest |
| 21:44 | Priest |
| 21:44 | Priest |
| 21:47 | Farm |
| 21:48 | Farm |
| 21:52 | Farm |
| 21:53 | Farm |
| 21:56 | Fragmentation Shards |
| 21:56 | Mortar Team |
| 21:56 | Mortar Team |
| 22:06 | Devotion Aura |
| 23:34 | Studded Leather Armor |
| 24:46 | Barrage |
| 24:46 | Siege Engine |
| 25:05 | Flare |
| 25:51 | Bash |
| 26:21 | Town Hall |
| Select group | 543 |
| Select | 512 |
| Right click | 495 |
| Build/train/purchase | 132 |
| Misc. action | 130 |
| Assign group | 39 |
| Use ability | 34 |
| Chat | 19 |
| Minimap ping | 8 |
| Item give/drop | 4 |
| Remove unit | 1 |
| Esc | 1 |
246 units @ 28.7k
/ 3.3k
149 buildings @ 21.9k
/ 7.1k


| Rod of Necromancy | 2 | 300 |
| Sacrificial Skull | 1 | 50 |
| Orb of Corruption | 2 | 750 |
| Potion of Healing | 2 | 300 |
| Scroll of Healing | 2 | 500 |
| total: | 9 | 1900g |
| Acolyte | 8 | 600 | / | 0 |
| Ghoul | 9 | 1080 | / | 0 |
| Meat Wagon | 4 | 920 | / | 200 |
| Necromancer | 15 | 2175 | / | 300 |
| Obsidian Statue | 3 | 600 | / | 105 |
| Gargoyle | 8 | 1400 | / | 240 |
| total: | 47 | 6775g | / | 845w |
| Spirit Tower | 1 | 145 | / | 40 |
| Crypt | 1 | 200 | / | 50 |
| Ziggurat | 8 | 1200 | / | 400 |
| Altar of Darkness | 1 | 180 | / | 50 |
| Tomb of Relics | 3 | 390 | / | 90 |
| Graveyard | 2 | 430 | / | 0 |
| Necropolis | 1 | 225 | / | 0 |
| Slaughterhouse | 1 | 140 | / | 135 |
| Temple of the Damned | 2 | 310 | / | 280 |
| Halls of the Dead | 1 | 320 | / | 210 |
| Black Citadel | 1 | 325 | / | 230 |
| total: | 19 | 3075g | / | 1005w |
| 0:06 | Acolyte |
| 0:10 | Crypt |
| 0:14 | Ziggurat |
| 0:28 | Altar of Darkness |
| 0:37 | Acolyte |
| 0:55 | Tomb of Relics |
| 1:13 | Ghoul |
| 1:31 | Ghoul |
| 1:41 | Ziggurat |
| 1:58 | Ghoul |
| 2:16 | Acolyte |
| 2:31 | Rod of Necromancy |
| 2:36 | Ghoul |
| 2:37 | Ghoul |
| 2:39 | Vampiric Aura |
| 2:47 | Ghoul |
| 3:17 | Ghoul |
| 3:23 | Graveyard |
| 3:31 | Ghoul |
| 4:00 | Sleep |
| 4:07 | Halls of the Dead |
| 4:27 | Ziggurat |
| 4:36 | Rod of Necromancy |
| 4:36 | Sacrificial Skull |
| 5:32 | Vampiric Aura |
| 5:36 | Necropolis |
| 5:37 | Unholy Strength |
| 5:38 | Unholy Armor |
| 5:48 | Ghoul |
| 6:15 | Ziggurat |
| 6:24 | Ziggurat |
| 6:34 | Ziggurat |
| 6:46 | Ziggurat |
| 6:56 | Acolyte |
| 7:12 | Acolyte |
| 7:13 | Acolyte |
| 7:13 | Acolyte |
| 7:15 | Acolyte |
| 8:05 | Slaughterhouse |
| 8:09 | Temple of the Damned |
| 8:12 | Temple of the Damned |
| 8:15 | Black Citadel |
| 8:16 | Sleep |
| 8:30 | Spirit Tower |
| 8:34 | Ziggurat |
| 8:37 | Tomb of Relics |
| 8:47 | Improved Unholy Strength |
| 8:58 | Graveyard |
| 9:11 | Meat Wagon |
| 9:15 | Necromancer Adept Training |
| 9:21 | Necromancer |
| 9:43 | Necromancer |
| 9:49 | Exhume Corpses |
| 9:54 | Tomb of Relics |
| 10:27 | Necromancer |
| 10:30 | Improved Unholy Armor |
| 10:38 | Disease Cloud |
| 10:40 | Necromancer Master Training |
| 10:41 | Skeletal Mastery |
| 10:47 | Advanced Unholy Strength |
| 11:07 | Necromancer |
| 11:14 | Meat Wagon |
| 11:30 | Banshee Adept Training |
| 11:56 | Necromancer |
| 12:02 | Advanced Unholy Armor |
| 12:21 | Orb of Corruption |
| 12:34 | Necromancer |
| 12:44 | Obsidian Statue |
| 13:04 | Necromancer |
| 13:29 | Vampiric Aura |
| 13:48 | Destroyer Form |
| 13:49 | Necromancer |
| 14:40 | Meat Wagon |
| 14:40 | Necromancer |
| 15:31 | Necromancer |
| 15:37 | Banshee Master Training |
| 15:44 | Obsidian Statue |
| 16:01 | Scroll of Healing |
| 18:23 | Necromancer |
| 18:23 | Necromancer |
| 18:30 | Life Drain |
| 19:22 | Meat Wagon |
| 19:23 | Necromancer |
| 19:23 | Necromancer |
| 19:29 | Summon Water Elemental |
| 19:50 | Orb of Corruption |
| 19:59 | Potion of Healing |
| 20:00 | Scroll of Healing |
| 20:02 | Potion of Healing |
| 20:14 | Gargoyle |
| 20:14 | Gargoyle |
| 20:14 | Gargoyle |
| 20:14 | Gargoyle |
| 20:15 | Gargoyle |
| 20:15 | Gargoyle |
| 20:15 | Gargoyle |
| 20:57 | Gargoyle |
| 20:59 | Necromancer |
| 22:20 | Creature Attack |
| 22:22 | Creature Carapace |
| 22:23 | Obsidian Statue |
| Right click | 968 |
| Select group | 952 |
| Select | 619 |
| Build/train/purchase | 173 |
| Chat | 138 |
| Misc. action | 101 |
| Assign group | 87 |
| Use ability | 70 |
| Minimap ping | 16 |
| Esc | 5 |
| Item give/drop | 4 |

| Scroll of Regeneration | 2 | 200 |
| Lesser Clarity Potion | 1 | 70 |
| total: | 3 | 270g |
| Peasant | 12 | 900 | / | 0 |
| Footman | 6 | 810 | / | 0 |
| Rifleman | 8 | 1640 | / | 240 |
| Mortar Team | 3 | 540 | / | 210 |
| Priest | 5 | 675 | / | 50 |
| Sorceress | 4 | 620 | / | 80 |
| Knight | 4 | 980 | / | 240 |
| Flying Machine | 5 | 500 | / | 150 |
| Abomination | 2 | 480 | / | 140 |
| total: | 49 | 7145g | / | 1110w |
| Altar of Kings | 1 | 180 | / | 50 |
| Farm | 17 | 1360 | / | 340 |
| Barracks | 2 | 320 | / | 120 |
| Lumber Mill | 1 | 120 | / | 0 |
| Arcane Vault | 2 | 260 | / | 60 |
| Blacksmith | 1 | 140 | / | 60 |
| Town Hall | 2 | 770 | / | 410 |
| Workshop | 2 | 280 | / | 280 |
| Arcane Sanctum | 1 | 150 | / | 140 |
| Keep | 2 | 640 | / | 420 |
| Castle | 1 | 360 | / | 210 |
| total: | 29 | 3580g | / | 1460w |
| 0:08 | Altar of Kings |
| 0:12 | Farm |
| 0:15 | Peasant |
| 0:15 | Peasant |
| 0:15 | Peasant |
| 0:45 | Peasant |
| 0:52 | Barracks |
| 1:20 | Farm |
| 1:26 | Peasant |
| 1:26 | Peasant |
| 1:58 | Footman |
| 1:59 | Footman |
| 2:01 | Barracks |
| 2:38 | Footman |
| 3:18 | Flame Strike |
| 3:31 | Footman |
| 3:46 | Farm |
| 4:08 | Lumber Mill |
| 4:35 | Farm |
| 4:39 | Peasant |
| 4:39 | Peasant |
| 5:01 | Siphon Mana |
| 5:22 | Footman |
| 5:31 | Farm |
| 5:41 | Arcane Vault |
| 5:50 | Arcane Vault |
| 6:01 | Blacksmith |
| 6:06 | Footman |
| 7:36 | Iron Forged Swords |
| 7:38 | Rifleman |
| 7:43 | Keep |
| 7:53 | Farm |
| 8:42 | Farm |
| 8:48 | Scroll of Regeneration |
| 8:49 | Scroll of Regeneration |
| 8:53 | Lesser Clarity Potion |
| 9:06 | Flame Strike |
| 10:01 | Farm |
| 10:06 | Workshop |
| 10:09 | Castle |
| 10:45 | Arcane Sanctum |
| 11:33 | Siphon Mana |
| 11:47 | Mortar Team |
| 11:48 | Mortar Team |
| 11:48 | Mortar Team |
| 11:52 | Rifleman |
| 11:58 | Priest |
| 11:58 | Priest |
| 11:58 | Sorceress |
| 11:59 | Sorceress |
| 12:03 | Farm |
| 13:04 | Rifleman |
| 13:13 | Fragmentation Shards |
| 14:38 | Knight |
| 14:38 | Knight |
| 14:39 | Animal War Training |
| 14:39 | Sundering Blades |
| 14:53 | Town Hall |
| 15:01 | Flame Strike |
| 16:09 | Farm |
| 16:12 | Farm |
| 16:56 | Farm |
| 16:58 | Farm |
| 17:01 | Knight |
| 17:01 | Knight |
| 17:22 | Steel Forged Swords |
| 18:34 | Town Hall |
| 19:23 | Sorceress |
| 19:32 | Peasant |
| 20:58 | Peasant |
| 20:58 | Peasant |
| 20:58 | Peasant |
| 21:01 | Farm |
| 21:02 | Farm |
| 21:02 | Farm |
| 21:02 | Farm |
| 22:23 | Priest |
| 22:23 | Priest |
| 22:24 | Priest |
| 22:24 | Sorceress |
| 22:32 | Rifleman |
| 23:02 | Keep |
| 23:36 | Abomination |
| 23:36 | Abomination |
| 23:59 | Rifleman |
| 23:59 | Rifleman |
| 24:35 | Iron Plating |
| 25:51 | Rifleman |
| 25:51 | Rifleman |
| 26:45 | Workshop |
| 26:47 | Flying Machine |
| 26:47 | Flying Machine |
| 26:47 | Flying Machine |
| 26:48 | Flying Machine |
| 26:48 | Flying Machine |
| Right click | 946 |
| Select group | 475 |
| Select | 441 |
| Build/train/purchase | 72 |
| Chat | 64 |
| Misc. action | 43 |
| Minimap ping | 31 |
| Assign group | 16 |
| Use ability | 13 |
| Esc | 1 |

| Ritual Dagger | 2 | 250 |
| Rod of Necromancy | 1 | 150 |
| Potion of Healing | 2 | 300 |
| Scroll of Town Portal | 1 | 350 |
| Dust of Appearance | 1 | 75 |
| Boots of Speed | 1 | 250 |
| Staff of Teleportation | 1 | 150 |
| Potion of Lesser Invulnerability | 3 | 450 |
| Periapt of Vitality | 1 | 325 |
| total: | 13 | 2300g |
| Acolyte | 98 | 7350 | / | 0 |
| Ghoul | 11 | 1320 | / | 0 |
| total: | 109 | 8670g | / | 0w |
| Nerubian Tower | 2 | 200 | / | 40 |
| Spirit Tower | 31 | 4495 | / | 1240 |
| Altar of Darkness | 1 | 180 | / | 50 |
| Crypt | 2 | 400 | / | 100 |
| Ziggurat | 75 | 11250 | / | 3750 |
| Graveyard | 1 | 215 | / | 0 |
| Tomb of Relics | 2 | 260 | / | 60 |
| Necropolis | 4 | 900 | / | 0 |
| Halls of the Dead | 2 | 640 | / | 420 |
| total: | 85 | 13205g | / | 3960w |
| 0:04 | Acolyte |
| 0:04 | Acolyte |
| 0:13 | Altar of Darkness |
| 0:16 | Crypt |
| 0:19 | Crypt |
| 0:35 | Ziggurat |
| 0:58 | Graveyard |
| 1:24 | Tomb of Relics |
| 1:29 | Tomb of Relics |
| 1:50 | Nerubian Tower |
| 1:53 | Ghoul |
| 1:55 | Ghoul |
| 2:08 | Ziggurat |
| 2:28 | Ghoul |
| 2:38 | Ghoul |
| 2:48 | Death Coil |
| 2:59 | Ghoul |
| 3:04 | Acolyte |
| 3:04 | Spirit Tower |
| 3:40 | Halls of the Dead |
| 3:47 | Ziggurat |
| 3:59 | Ritual Dagger |
| 4:09 | Rod of Necromancy |
| 4:59 | Unholy Aura |
| 5:21 | Necropolis |
| 5:38 | Ghoul |
| 5:38 | Ghoul |
| 5:39 | Ghoul |
| 5:39 | Ghoul |
| 6:02 | Acolyte |
| 6:02 | Acolyte |
| 6:02 | Acolyte |
| 6:05 | Acolyte |
| 6:56 | Ghoul |
| 6:56 | Ghoul |
| 6:59 | Death Coil |
| 7:07 | Ziggurat |
| 7:08 | Ziggurat |
| 7:09 | Ziggurat |
| 7:09 | Ziggurat |
| 7:25 | Boots of Speed |
| 7:30 | Staff of Teleportation |
| 7:39 | Potion of Healing |
| 7:49 | Ziggurat |
| 7:50 | Ziggurat |
| 8:03 | Spirit Tower |
| 8:07 | Nerubian Tower |
| 8:12 | Acolyte |
| 8:19 | Spirit Tower |
| 8:27 | Ziggurat |
| 8:28 | Ziggurat |
| 8:29 | Ziggurat |
| 8:30 | Ziggurat |
| 8:42 | Ziggurat |
| 8:53 | Spirit Tower |
| 8:56 | Ziggurat |
| 9:08 | Ziggurat |
| 9:09 | Ziggurat |
| 9:22 | Potion of Lesser Invulnerability |
| 9:23 | Periapt of Vitality |
| 9:30 | Spirit Tower |
| 9:54 | Spirit Tower |
| 10:27 | Spirit Tower |
| 10:29 | Spirit Tower |
| 10:30 | Ziggurat |
| 10:31 | Ziggurat |
| 10:40 | Acolyte |
| 11:21 | Necropolis |
| 11:26 | Ziggurat |
| 11:27 | Ziggurat |
| 11:28 | Spirit Tower |
| 12:00 | Ziggurat |
| 12:02 | Ziggurat |
| 12:03 | Ziggurat |
| 12:04 | Ziggurat |
| 12:05 | Ziggurat |
| 12:06 | Ziggurat |
| 12:11 | Potion of Healing |
| 12:34 | Ziggurat |
| 12:46 | Potion of Lesser Invulnerability |
| 12:56 | Acolyte |
| 12:58 | Ziggurat |
| 12:59 | Ziggurat |
| 13:01 | Ziggurat |
| 13:01 | Ziggurat |
| 13:05 | Acolyte |
| 13:20 | Ziggurat |
| 13:21 | Ziggurat |
| 13:48 | Spirit Tower |
| 13:53 | Spirit Tower |
| 14:00 | Spirit Tower |
| 14:02 | Acolyte |
| 14:33 | Spirit Tower |
| 14:42 | Ziggurat |
| 14:51 | Spirit Tower |
| 15:03 | Acolyte |
| 15:03 | Acolyte |
| 15:03 | Acolyte |
| 15:03 | Acolyte |
| 15:04 | Acolyte |
| 15:12 | Acolyte |
| 15:39 | Ziggurat |
| 15:40 | Ziggurat |
| 15:41 | Spirit Tower |
| 15:42 | Acolyte |
| 15:58 | Spirit Tower |
| 16:05 | Ziggurat |
| 16:06 | Ziggurat |
| 16:07 | Ziggurat |
| 16:21 | Ziggurat |
| 16:22 | Ziggurat |
| 16:23 | Ziggurat |
| 16:35 | Acolyte |
| 16:35 | Acolyte |
| 16:35 | Acolyte |
| 16:35 | Acolyte |
| 16:35 | Acolyte |
| 16:36 | Acolyte |
| 16:48 | Acolyte |
| 16:48 | Acolyte |
| 16:49 | Acolyte |
| 17:16 | Ziggurat |
| 17:17 | Ziggurat |
| 17:18 | Ziggurat |
| 17:19 | Ziggurat |
| 17:23 | Ziggurat |
| 17:23 | Ziggurat |
| 17:24 | Ziggurat |
| 17:25 | Ziggurat |
| 17:25 | Ziggurat |
| 17:27 | Ziggurat |
| 17:27 | Ziggurat |
| 17:40 | Spirit Tower |
| 17:43 | Unholy Aura |
| 18:00 | Necropolis |
| 18:19 | Spirit Tower |
| 18:29 | Spirit Tower |
| 18:47 | Necropolis |
| 19:15 | Acolyte |
| 19:16 | Acolyte |
| 19:16 | Acolyte |
| 19:16 | Acolyte |
| 19:16 | Acolyte |
| 19:17 | Acolyte |
| 19:17 | Acolyte |
| 19:19 | Spirit Tower |
| 20:04 | Ziggurat |
| 20:05 | Ziggurat |
| 20:05 | Ziggurat |
| 20:06 | Ziggurat |
| 20:08 | Ziggurat |
| 20:09 | Ziggurat |
| 20:11 | Ziggurat |
| 20:14 | Ziggurat |
| 20:16 | Ziggurat |
| 20:18 | Ziggurat |
| 20:18 | Ziggurat |
| 20:19 | Ziggurat |
| 20:20 | Ziggurat |
| 20:21 | Ziggurat |
| 20:22 | Acolyte |
| 20:22 | Acolyte |
| 20:53 | Acolyte |
| 20:53 | Acolyte |
| 20:53 | Acolyte |
| 20:53 | Acolyte |
| 20:53 | Acolyte |
| 20:53 | Acolyte |
| 20:58 | Acolyte |
| 20:58 | Acolyte |
| 21:22 | Acolyte |
| 21:22 | Acolyte |
| 21:22 | Acolyte |
| 21:24 | Spirit Tower |
| 21:35 | Acolyte |
| 21:38 | Acolyte |
| 21:38 | Acolyte |
| 21:38 | Acolyte |
| 21:38 | Acolyte |
| 21:56 | Spirit Tower |
| 21:59 | Spirit Tower |
| 22:20 | Spirit Tower |
| 22:52 | Potion of Lesser Invulnerability |
| 22:59 | Scroll of Town Portal |
| 23:17 | Halls of the Dead |
| 23:24 | Spirit Tower |
| 23:37 | Ritual Dagger |
| 23:46 | Acolyte |
| 23:46 | Acolyte |
| 23:54 | Acolyte |
| 23:54 | Acolyte |
| 23:54 | Acolyte |
| 23:55 | Acolyte |
| 23:55 | Acolyte |
| 23:55 | Acolyte |
| 23:59 | Acolyte |
| 24:01 | Acolyte |
| 24:01 | Acolyte |
| 24:54 | Spirit Tower |
| 25:01 | Ziggurat |
| 25:02 | Ziggurat |
| 25:03 | Ziggurat |
| 25:04 | Ziggurat |
| 25:06 | Ziggurat |
| 25:09 | Ziggurat |
| 25:11 | Ziggurat |
| 25:16 | Acolyte |
| 25:16 | Acolyte |
| 25:16 | Acolyte |
| 25:16 | Acolyte |
| 25:19 | Acolyte |
| 25:19 | Acolyte |
| 25:52 | Acolyte |
| 25:55 | Acolyte |
| 25:55 | Acolyte |
| 26:06 | Acolyte |
| 26:06 | Acolyte |
| 26:06 | Acolyte |
| 26:07 | Acolyte |
| 26:07 | Acolyte |
| 26:08 | Acolyte |
| 26:08 | Acolyte |
| 26:09 | Acolyte |
| 26:09 | Acolyte |
| 26:09 | Acolyte |
| 26:11 | Acolyte |
| 26:11 | Acolyte |
| 26:20 | Acolyte |
| 26:22 | Acolyte |
| 26:22 | Acolyte |
| 26:22 | Acolyte |
| 26:22 | Acolyte |
| 26:23 | Acolyte |
| 26:24 | Acolyte |
| 26:24 | Acolyte |
| 26:25 | Acolyte |
| 27:10 | Dust of Appearance |
| 27:20 | Acolyte |
| 27:21 | Acolyte |
| 27:21 | Acolyte |
| 27:21 | Acolyte |
| Right click | 1630 |
| Chat | 487 |
| Select | 465 |
| Build/train/purchase | 200 |
| Select group | 122 |
| Use ability | 55 |
| Misc. action | 54 |
| Item give/drop | 15 |
| Assign group | 12 |
| Resource trade | 8 |

| Peasant | 15 | 1125 | / | 0 |
| Rifleman | 13 | 2665 | / | 390 |
| Mortar Team | 13 | 2340 | / | 910 |
| total: | 41 | 6130g | / | 1300w |
| Altar of Kings | 1 | 180 | / | 50 |
| Farm | 8 | 640 | / | 160 |
| Blacksmith | 1 | 140 | / | 60 |
| Barracks | 1 | 160 | / | 60 |
| Arcane Vault | 1 | 130 | / | 30 |
| Lumber Mill | 2 | 240 | / | 0 |
| Town Hall | 1 | 385 | / | 205 |
| Workshop | 1 | 140 | / | 140 |
| Keep | 1 | 320 | / | 210 |
| Castle | 1 | 360 | / | 210 |
| total: | 16 | 2015g | / | 705w |
| 0:05 | Peasant |
| 0:05 | Peasant |
| 0:05 | Peasant |
| 0:08 | Altar of Kings |
| 0:17 | Farm |
| 0:24 | Peasant |
| 0:27 | Peasant |
| 1:01 | Blacksmith |
| 1:11 | Barracks |
| 1:23 | Peasant |
| 1:24 | Peasant |
| 1:29 | Farm |
| 1:34 | Peasant |
| 1:42 | Peasant |
| 1:49 | Peasant |
| 2:06 | Farm |
| 2:09 | Peasant |
| 2:20 | Rifleman |
| 2:39 | Summon Water Elemental |
| 2:45 | Rifleman |
| 2:48 | Farm |
| 3:12 | Rifleman |
| 3:34 | Rifleman |
| 3:55 | Rifleman |
| 4:00 | Farm |
| 4:27 | Keep |
| 4:55 | Brilliance Aura |
| 5:48 | Rifleman |
| 5:49 | Rifleman |
| 5:57 | Farm |
| 6:05 | Arcane Vault |
| 6:16 | Summon Water Elemental |
| 7:07 | Long Rifles |
| 7:12 | Workshop |
| 7:28 | Black Gunpowder |
| 7:28 | Studded Leather Armor |
| 7:34 | Peasant |
| 7:34 | Peasant |
| 7:38 | Farm |
| 7:43 | Rifleman |
| 7:44 | Rifleman |
| 7:56 | Farm |
| 8:22 | Lumber Mill |
| 8:31 | Lumber Mill |
| 8:37 | Mortar Team |
| 8:37 | Mortar Team |
| 8:39 | Mortar Team |
| 9:08 | Refined Gunpowder |
| 10:09 | Town Hall |
| 10:22 | Mortar Team |
| 10:23 | Mortar Team |
| 10:26 | Peasant |
| 10:26 | Peasant |
| 10:41 | Blizzard |
| 11:53 | Rifleman |
| 11:53 | Rifleman |
| 11:54 | Rifleman |
| 11:54 | Rifleman |
| 13:19 | Mortar Team |
| 13:19 | Mortar Team |
| 13:19 | Mortar Team |
| 13:19 | Mortar Team |
| 14:24 | Mortar Team |
| 14:24 | Mortar Team |
| 14:24 | Mortar Team |
| 14:24 | Mortar Team |
| 17:11 | Castle |
| Chat | 415 |
| Right click | 187 |
| Select | 180 |
| Minimap ping | 138 |
| Misc. action | 88 |
| Build/train/purchase | 63 |
| Select group | 57 |
| Assign group | 49 |
| Remove unit | 3 |
| Use ability | 1 |
⇛